 Dungeon Sprint DCSS version 0.25-a0-731-g0472a16d6a (webtiles) character file.

Game seed: 16807461045322042566, levelgen mode: deterministic

51 BillyBuyo the Thaumaturge (level 3, -11/19 HPs)
             Began as a Deep Elf Wizard on Apr 9, 2020.
             Was an Initiate of Sif Muna.
             Engulfed by a cloud of flame (16 damage)
             ... in the Dungeon (Sprint IX: "|||||||||||||||||||||||||||||").
             The game lasted 00:04:04 (288 turns).

BillyBuyo the Thaumaturge (Deep Elf Wizard)          Turns: 288, Time: 00:04:05

Health: -11/19     AC:  4    Str:  4    XL:     3   Next: 57%
Magic:  9/15       EV: 16    Int: 23    God:    Sif Muna [......]
Gold:   0          SH:  0    Dex: 13    Spells: 11/20 levels left

rFire    . . .     SeeInvis .   n - staff of energy
rCold    . . .     Gourm    .   (no shield)
rNeg     . . .     Faith    .   a - +0 robe
rPois    .         Spirit   .   b - +0 hat
rElec    .         Reflect  .   (no cloak)
rCorr    .         Harm     .   (no gloves)
MR       .....     NoTele   +   (no boots)
Stlth    ++........             (no amulet)
HPRegen  0.06/turn              o - +2 ring of protection
MPRegen  0.14/turn              p - +2 ring of evasion

@: no status effects
A: no striking features
a: Renounce Religion


You were in the Dungeon.
You worshipped Sif Muna.
Sif Muna was noncommittal.
You were not hungry.

You visited 1 branch

Inventory:

Armour
 a - a +0 robe (worn)
 b - a +0 hat (worn)
Magical Staves
 n - an uncursed staff of energy (weapon)
Jewellery
 o - a +2 ring of protection (left hand)
 p - a +2 ring of evasion (right hand)
Wands
 m - a wand of acid (9)
Scrolls
 j - 3 scrolls of remove curse
 k - 2 scrolls of amnesia
 l - a scroll of blinking
Potions
 c - a potion of invisibility
 e - 5 potions of curing
 f - 2 potions of heal wounds
 g - a potion of haste
 h - 4 potions of magic
 i - a potion of berserk rage
Comestibles
 d - a ration


   Skills:
 + Level 4.1 Dodging
 + Level 3.4 Stealth
 + Level 9.1 Spellcasting
 + Level 1.7 Conjurations
 + Level 1.3 Summonings
   Level 1.1 Translocations


You had 11 spell levels left.
You knew the following spells:

 Your Spells              Type           Power        Failure   Level  Hunger
a - Magic Dart            Conj           ###.         3%          1    None
b - Call Imp              Summ           ###.....     5%          2    None
c - Conjure Flame         Conj/Fire      ##......     13%         3    None
d - Mephitic Cloud        Conj/Pois/Air  ##......     14%         3    None

Your spell library contained the following spells:

 Spells                   Type           Power        Failure   Level  Hunger
 Blink                    Tloc           N/A          6%          2    None
 Slow                     Hex            ##......     10%         2    None


Dungeon Overview and Level Annotations

Branches:
Dungeon (1/1)

Altars:
Cheibriados
Dithmenos
Elyvilon
Fedhas
Gozag
Hepliaklqana
Kikubaaqudgha
Makhleb
Nemelex Xobeh
Okawaru
Qazlal
Ru
Sif Muna
Trog
Uskayaw
Vehumet
Wu Jian
Xom
Yredelemnul
Zin
The Shining One
Beogh
Jiyva
Lugonu


Message History

Memorise Conjure Flame, consuming 3 spell levels and leaving 14?
You start memorising the spell.
You continue memorising. x3
You finish memorising.
Spell assigned to 'c'.
Memorise Mephitic Cloud, consuming 3 spell levels and leaving 11?
You start memorising the spell.
You continue memorising. x3
You finish memorising.
Spell assigned to 'd'.
You start resting.
Magic restored.
You open the door.
Casting: Magic Dart (safe; 3% risk of failure)
Confirm with . or Enter, or press ? or * to list all spells.
The fire begins to smolder!
Casting: Conjure Flame (safe; 13% risk of failure)
Confirm with . or Enter, or press ? or * to list all spells.
The fire ignites!
You are engulfed in blazing flames.
Ouch! That really hurt!
* * * LOW HITPOINT WARNING * * *
You close the door.
You are engulfed in blazing flames.
Ouch! That really hurt!
You die... ▓▓▓▓▓▓▓▓▓▓▓▓▓▓▓▓▓▓▓▓▓▓▓▓▓▓▓▓▓ ___________'....@+[Y†..'...<▓ ▓▓▓▓▓▓▓▓▓▓▓▓▓▓▓▓▓▓▓▓▓▓▓▓▓▓▓▓▓

There were no monsters in sight!

Vanquished Creatures
  A worker ant (D)
  A dart slug (D)
  A leopard gecko (D)
  A giant cockroach (D)
  2 goblins (D)
  A bat (D)
  A frilled lizard (D)
8 creatures vanquished.

Vanquished Creatures (collateral kills)
  An orc wizard (D)
1 creature vanquished.

Vanquished Creatures (others)
  A spatial maelstrom (D)
1 creature vanquished.

Grand Total: 10 creatures vanquished

Notes
Turn   | Place    | Note
-------+----------+-------------------------------------------
     0 | D        | BillyBuyo the Deep Elf Wizard began the quest for the Orb.
     0 | D        | Reached XP level 1. HP: 10/10 MP: 7/7
     7 | D        | Banished a spatial maelstrom
     8 | D        | Reached skill level 5 in Spellcasting
    83 | D        | Reached skill level 6 in Spellcasting
    84 | D        | Reached XP level 2. HP: 14/15 MP: 2/11
   102 | D        | Learned a level 2 spell: Call Imp
   154 | D        | Noticed an ice beast
   163 | D        | Reached skill level 8 in Spellcasting
   184 | D        | Found a roughly hewn altar of Beogh.
   184 | D        | Found a snail-covered altar of Cheibriados.
   184 | D        | Found a shadowy altar of Dithmenos.
   184 | D        | Found a white marble altar of Elyvilon.
   184 | D        | Found a blossoming altar of Fedhas.
   184 | D        | Found an opulent altar of Gozag.
   185 | D        | Found a hazy altar of Hepliaklqana.
   186 | D        | Found a viscous altar of Jiyva.
   187 | D        | Found an ancient bone altar of Kikubaaqudgha.
   188 | D        | Found a corrupted altar of Lugonu.
   189 | D        | Found a burning altar of Makhleb.
   190 | D        | Found a sparkling altar of Nemelex Xobeh.
   191 | D        | Found an iron altar of Okawaru.
   192 | D        | Found a stormy altar of Qazlal.
   193 | D        | Found a sacrificial altar of Ru.
   194 | D        | Found a shimmering blue altar of Sif Muna.
   195 | D        | Found a bloodstained altar of Trog.
   196 | D        | Found a hide-covered altar of Uskayaw.
   197 | D        | Found a radiant altar of Vehumet.
   198 | D        | Found an ornate altar of the Wu Jian Council.
   199 | D        | Found a shimmering altar of Xom.
   200 | D        | Found a basalt altar of Yredelemnul.
   201 | D        | Found a glowing silver altar of Zin.
   202 | D        | Became a worshipper of Sif Muna the Loreminder
   203 | D        | Found a glowing golden altar of the Shining One.
   271 | D        | Reached skill level 9 in Spellcasting
   271 | D        | Reached XP level 3. HP: 19/19 MP: 13/15
   279 | D        | Learned a level 3 spell: Conjure Flame
   283 | D        | Learned a level 3 spell: Mephitic Cloud
   288 | D        | Engulfed by a cloud of flame

Levels and vault maps discovered:
D:        linesprint [early_d, line_temple, items_1, d_10, items_2, lair_1,
          lair_end, items_3, orc_1, orc_end, items_4, d_15, swamp_1, shoals_1,
          snake_1, spider_1, d_20, vaults_1, items_5, swamp_end, shoals_end,
          snake_end, spider_end, vaults_end, d_27, items_6, zot_1, zot_end,
          crypt_end, forest_end, elf_end, slime_end, tomb_end, abyss_end,
          pan_hell_end]

Skill      XL: |  1  2 |
---------------+-------+-----
Spellcasting   | 6 9 |  9.1
Dodging        | 3 4 |  4.1
Stealth        | 3 |  3.4
Conjurations   | |  1.7
Summonings     | |  1.3
Translocations | |  1.1

Action                   || total
-------------------------++-------
 Cast: Magic Dart        ||    17
       Call Imp          ||     1
       Conjure Flame     ||     2
Evoke: Wand              ||     1
  Use: Scroll            ||     1
       Potion            ||     1
Dodge: Dodged            ||     9

Table legend:
 A = Non-vault XP
 B = Vault XP
 C = Vault XP percentage of total XP
 D = Non-vault monster count
 E = Vault monster count
 F = Vault count percentage of total count
                 A         B        C        D         E       F
            +---------+---------+-------+---------+---------+-------
      Total |       0 |      73 | 100.0 |       0 |       9 | 100.0
            +---------+---------+-------+---------+---------+-------
          D |       0 |      73 | 100.0 |       0 |       9 | 100.0
            +---------+---------+-------+---------+---------+-------
